 Dungeon Crawl Stone Soup version 0.30-a0-879-ga8ba668304 (webtiles) character file.

Game seed: 1094229484529469417

121186 lessens the Phalangite (level 16, -7/133 HPs)
             Began as a Merfolk Brigand on Mar 14, 2023.
             Was the Champion of Okawaru.
             Mangled by a merfolk
             ... wielding a +0 trident
              (23 damage)
             ... on level 2 of the Shoals.
             The game lasted 01:00:45 (30025 turns).

lessens the Phalangite (Merfolk Brigand)           Turns: 30025, Time: 01:00:45

Health: -7/133     AC: 19    Str: 16    XL:     16   Next: 84%
Magic:  12/12      EV:  2    Int: 14    God:    Okawaru [******]
Gold:   710        SH:  0    Dex: 29    Spells: 15/15 levels left

rFire   + + +      SeeInvis .    a - +10 glaive of Wondrous Power {heavy, Dex+3}
rCold   + + .      Faith    +    (shield currently unavailable)
rNeg    + + .      Spirit   .    L - +0 steam dragon scales
rPois   +          Reflect  .    t - +2 helmet of Forking Paths {Contam rC+ Dex+3}
rElec   .          Rampage  +    O - +2 cloak
rCorr   .                        r - +1 pair of gloves
Will    ++...                    f - +1 pair of boots of Subjectivity {rF+ rC+ MP-9 Int+4}
Stlth   +++++++                  U - amulet "Ruttudwo" {Faith Rampage rF++ Stlth+}
HPRegen 0.42/turn                T - ring of Vyebas {rN++ Will+ Slay+2 Stlth+}
MPRegen 0.13/turn                W - ring "Cutaich" {rPois Dex+4}

@: sleeping, heroic, marked, studying Axes
A: (nimble swimmer 2), mertail
a: Renounce Religion, Heroism, Finesse, Duel


You were on level 2 of the Shoals.
You worshipped Okawaru.
Okawaru was exalted by your worship.
You visited 5 branches of the dungeon, and saw 25 of its levels.
You also visited: Gauntlet and Ice Cave.

You collected 2337 gold pieces.
You spent 1627 gold pieces at shops.

Inventory:

Hand Weapons
 a - the +10 glaive of Wondrous Power (weapon) {heavy, Dex+3}
   (You found it in a Gauntlet)

   Dex:       It affects your dexterity (+3).
 b - the +5 scythe "Finisher" {speed, eviscerate}
   (You bought it in a shop on level 2 of the Orcish Mines)
Missiles
 d - 16 poisoned darts (quivered)
 e - a curare-tipped dart
Armour
 f - the +1 pair of boots of Subjectivity (worn) {rF+ rC+ MP-9 Int+4}
   (Okawaru gifted it to you on level 3 of the Lair of Beasts)

   Int:       It affects your intelligence (+4).
   rF:        It protects you from fire.
   rC:        It protects you from cold.
   MP:        It affects your magic capacity (-9).
 r - a +1 pair of gloves (worn)
 t - the +2 helmet of Forking Paths (worn) {Contam rC+ Dex+3}
   (Okawaru gifted it to you on level 5 of the Lair of Beasts)

   Dex:       It affects your dexterity (+3).
   rC:        It protects you from cold.
   Contam:    It causes magical contamination when unequipped.
 J - a +1 hat of fire resistance
 L - +0 steam dragon scales (worn)
 O - a +2 cloak (worn)
Jewellery
 n - the amulet of Creativity {Reflect Fragile rF+ SH+5 SInv}
   (You found it on level 14 of the Dungeon)

   [amulet of reflection]

   It reflects blocked missile attacks.
   rF:        It protects you from fire.
   SInv:      It lets you see invisible.
   Fragile:   It will be destroyed if unequipped.
   SH:        It affects your SH (+5).
 Q - a ring of resist corrosion
 T - the ring of Vyebas (left hand) {rN++ Will+ Slay+2 Stlth+}
   (You found it on level 5 of the Lair of Beasts)

   [ring of willpower]

   Slay:      It affects your accuracy & damage with ranged weapons and melee
   (+2).
   rN:        It greatly protects you from negative energy.
   Will:      It increases your willpower.
   Stlth:     It makes you more stealthy.
 U - the amulet "Ruttudwo" (around neck) {Faith Rampage rF++ Stlth+}
   (You found it in an ice cave)

   [amulet of faith]

   It allows you to gain divine favour quickly.
   rF:        It greatly protects you from fire.
   Rampage:   It bestows one free step when moving towards enemies.
   Stlth:     It makes you more stealthy.
 W - the ring "Cutaich" (right hand) {rPois Dex+4}
   (You found it in a Gauntlet)

   [ring of poison resistance]

   Dex:       It affects your dexterity (+4).
   rPois:     It protects you from poison.
Wands
 o - a wand of mindburst (8)
 y - a wand of iceblast (28)
 M - a wand of flame (14)
 P - a wand of light (2)
 R - a wand of digging (8)
Scrolls
 c - 2 scrolls of acquirement {unknown}
 g - 3 scrolls of enchant armour
 k - 2 scrolls of torment {unknown}
 l - 4 scrolls of noise {unknown}
 m - 6 scrolls of teleportation
 p - 6 scrolls of immolation
 s - 2 scrolls of silence
 A - 4 scrolls of blinking
 C - 4 scrolls of fear
 D - 3 scrolls of amnesia
 E - 6 scrolls of butterflies
 H - 3 scrolls of magic mapping
 I - 6 scrolls of poison
 V - 6 scrolls of fog
 X - 2 scrolls of vulnerability {unknown}
Potions
 h - 3 potions of attraction
 i - 4 potions of ambrosia
 q - 10 potions of curing
 u - 2 potions of lignification
 v - a potion of berserk rage {unknown}
 x - 2 potions of might
 B - a potion of magic {unknown}
 F - 4 potions of heal wounds
 G - 5 potions of invisibility
 K - 4 potions of flight
 N - 3 potions of haste
 S - a potion of resistance {unknown}
 Y - 3 potions of mutation
 Z - 2 potions of cancellation {unknown}
Miscellaneous
 j - a tin of tremorstones (inert)


   Skills:
 - Level 14.0(19.0) Fighting
 - Level 10.2(15.2) Short Blades
 + Level 25.0(27) Polearms
 - Level 2.0(7.0) Throwing
 - Level 6.0(11.0) Armour
 - Level 16.2(21.2) Dodging
 - Level 4.3(9.3) Stealth
 - Level 7.7 Invocations


You had 15 spell levels left.
You didn't know any spells.
Your spell library contained the following spells:

 Spells                   Type           Power      Damage    Failure   Level
 Apportation              Tloc           0%         N/A       28%         1
 Beastly Appendage        Tmut           0%         N/A       28%         1
 Foxfire                  Conj/Fire      0%         2x1d4     28%         1
 Magic Dart               Conj           0%         1d3       28%         1
 Necrotise                Necr           0%         1d4       28%         1
 Sublimation of Blood     Necr           0%         N/A       41%         2
 Wereblood                Tmut           0%         N/A       41%         2
 Kindle Blastsparks       Fire/Tloc/Air  0%         2d10      65%         3
 Mephitic Cloud           Conj/Pois/Air  0%         N/A       65%         3
 Spider Form              Tmut/Pois      0%         N/A       65%         3
 Fulminant Prism          Conj/Hex       0%         3d5       96%         4
 Iskenderun's Mystic Bla  Conj/Tloc      0%         2d3       96%         4
 Manifold Assault         Tloc           0%         N/A       96%         4
 Petrify                  Tmut/Erth      0%         N/A       96%         4
 Fireball                 Conj/Fire      0%         3d3       100%        5
 Irradiate                Conj/Tmut      0%         3d11      100%        5
 Lee's Rapid Deconstruct  Erth           0%         3d4*      100%        5
 Metabolic Englaciation   Hex/Ice        0%         N/A       100%        5
 Yara's Violent Unravell  Hex/Tmut       0%         3d3       100%        5
 Dispersal                Tloc           0%         N/A       100%        6
 Starburst                Conj/Fire      0%         6d3       100%        6
 Statue Form              Tmut/Erth      0%         N/A       100%        6
 Enfeeble                 Hex            0%         N/A       100%        7
 Disjunction              Tloc           0%         N/A       100%        8
 Summon Small Mammal      Summ           Unusable   N/A       N/A         1
 Call Imp                 Summ           Unusable   N/A       N/A         2

Dungeon Overview and Level Annotations

Branches:
Dungeon (15/15) Zot: 25578  Temple (1/1) D:6 Zot: 5828    Lair (5/5) D:9 Zot: 22595
 Shoals (2/4) Lair:3 Zot: 10164  Spider (0/4) Lair:3        Slime (0/5) Lair:5
    Orc (2/2) D:11 Zot: 10589     Elf (0/3) Orc:2        Vaults (0/5) D:14
 Depths (0/4) D:15          IceCv (visited)         Gauntlet (visited)

Altars:
Ashenzari
Cheibriados
Dithmenos
Elyvilon
Fedhas
Hepliaklqana
Kikubaaqudgha
Nemelex Xobeh
Okawaru
Qazlal
Sif Muna
Trog
Wu Jian
Yredelemnul
The Shining One
Jiyva
Lugonu

Shops:
D:2 [   D:5 *   D:8 =!?   D:15 :   Orc:2 (*[=   Shoals:2 :

Portals:
Abyss: Lair:5

Annotations:
D:9 2 transporters
Shoals:1 Nikola


Innate Abilities, Weirdness & Mutations

((You are very nimble when in or above water. (Stealth+, EV+, Speed+++)))
Your lower body shifts to a powerful aquatic tail in water.


Message History

A manticore comes into view.
The merfolk completely misses you.
The harpy is engulfed in blazing flames.
Okawaru accepts your kill.
The harpy explodes!
The fiery explosion engulfs you. You resist.
* * * LOW HITPOINT WARNING * * *
Your base Polearms skill increases to level 25!
You are engulfed in blazing flames.
You resist. The harpy completely misses you. The harpy claws you.
* * * LOW HITPOINT WARNING * * *
You cut the harpy into ribbons!!! Okawaru accepts your kill.
The harpy explodes!
The fiery explosion engulfs you! You resist.
* * * LOW HITPOINT WARNING * * *
You are engulfed in blazing flames.
You resist.
* * * LOW HITPOINT WARNING * * *
The merfolk is engulfed in blazing flames.
Flame seeps out of the merfolk.
The merfolk completely misses you.
The +1 pair of boots of Subjectivity {rF+ rC+ MP-9 Int+4} unmelds from your body.
You are engulfed in blazing flames.
You resist.
A dream sheep comes into view.
There is a stone staircase leading up, spattered with blood here.
You see here a harpy corpse.
Reach: a) +10 glaive of Wondrous Power {heavy, Dex+3}
Press: ? - help, Dir - move target, f - merfolk
Aim: a merfolk, wielding a +0 trident and quivering boomerangs (flame, lightly wounded, inner flame, about 22% to evade the +10 glaive of Wondrous Power)
You reach to attack!
You slice the merfolk!!
Flame seeps out of the merfolk.
The merfolk is heavily wounded.
You are engulfed in blazing flames.
You resist.
* * * LOW HITPOINT WARNING * * *
The merfolk is engulfed in blazing flames.
Flame seeps out of the merfolk.
The merfolk misses you.
The dream sheep shakes its wool and sparkles.
You feel drowsy...
You fall asleep.
The merfolk is engulfed in blazing flames.
Flame seeps out of the merfolk.
The merfolk hits you from afar with a +0 trident!!
You die...

.~.Y.~~~...≈ #...~~~...?~
... ##..~~~~.....~
...##......~~.)...#
........H........[
.....~..§§.....~~.#
#....§§m§..~≈~~..#
#...§@§.§..~≈≈~.~.###
..##..(§§§§§~~~~~≈.....##
......)§§§...~~~≈≈..~....
.##......##..≈≈≈≈§.~.....
##.....##..~~≈≈≈≈..#...
.......##....≈≈≈≈~.<...
..........§§..≈~≈≈....~..
.....~..!..§..~......~~~.
~~.........§§§§§......~~~


You could see a merfolk (inner flame), a manticore and a dream sheep.

Vanquished Creatures
  Saint Roka (Orc:2)
  Louise (D:14)
  A stone giant (Orc:2)
  Azrael (D:14)
  A minotaur (Gauntlet)
  A white draconian (IceCv)
  A dire elephant (Lair:2)
  A merfolk javelineer (Shoals:1)
  3 ettins (Orc:2)
  Josephine (Orc:2)
  4 hydras
  Harold (D:11)
  3 merfolk aquamancers
  7 boulder beetles
  10 centaur warriors
  7 two-headed ogres
  2 orc high priests (Orc:2)
  A satyr (shapeshifter) (D:15)
  3 tengu warriors
  3 thrashing horrors (Lair:5)
  Urug (Lair:4)
  An iron troll (D:14)
  A sea snake (Shoals:2)
  5 skysharks
  10 harpies (Shoals:2)
  A wizard (D:14)
  A lindwurm (Lair:2)
  3 deep elf pyromancers
  3 orc sorcerers (Orc:2)
  4 manticores
  An oklob plant (Lair:4)
  11 ugly things
  16 cyclopes
  A large abomination (Lair:5)
  4 fauns
  5 merfolk sirens
  A salamander (D:15)
  A water nymph (Shoals:2)
  An elephant (shapeshifter) (D:15)
  Joseph (D:7)
  2 ice statues (IceCv)
  15 elephants
  11 cane toads
  9 black mambas
  A gargoyle (D:10)
  3 smoke demons (Lair:5)
  2 torpor snails
  An unseen horror (D:11)
  A yaktaur (shapeshifter) (D:15)
  A yaktaur (D:13)
  8 komodo dragons
  8 rime drakes
  2 tengu conjurers
  4 efreet
  6 trolls
  A meliai (D:13)
  2 wind drakes (Shoals:1)
  An ancient zyme (Lair:5)
  A queen bee (shapeshifter) (D:13)
  22 blink frogs
  10 merfolk
  Grinder (D:3)
  2 polar bears
  A hornet (D:10)
  11 dream sheep
  2 snapping turtles (Shoals:1)
  17 flying skulls (Gauntlet)
  10 slime creatures
  10 small abominations (Lair:5)
  A culicivora (Lair:3)
  A shadow (D:12)
  A culicivora (shapeshifter) (D:13)
  7 wraiths
  A spriggan (D:7)
  2 wyverns (Lair:4)
  10 water elementals
  2 vampires
  2 hogs (shapeshifter)
  A ynoxinul (Lair:5)
  29 yaks
  3 fire bats (Lair:3)
  3 steam dragons
  8 basilisks
  5 fire elementals (D:14)
  2 chaos spawn (Lair:5)
  3 vampire mosquitoes (D:10)
  2 wargs (Orc:2)
  3 hell hounds
  2 acid dragons
  13 water moccasins
  15 orc warriors
  3 sky beasts
  6 black bears
  4 ogres
  7 wolves
  16 centaurs
  A phantom (D:4)
  12 bullfrogs
  2 gnoll sergeants
  A kobold brigand (D:7)
  5 scorpions
  4 wights (D:10)
  4 lindwurm simulacra (IceCv)
  3 jellies
  4 electric eels
  8 komodo dragon simulacra (IceCv)
  9 hounds
  10 orc priests
  2 iguanas
  3 sleepcaps
  Natasha (thrice) (D:4)
  16 orc wizards
  16 gnolls
  7 adders
  6 acid dragon simulacra (IceCv)
  2 shadow imps (D:6)
  14 white imps
  3 steam dragon simulacra (IceCv)
  An ufetubus (D:7)
  3 worms
  2 dart slugs
  62 orcs
  6 ball pythons
  3 endoplasms
  3 giant cockroaches
  7 goblins
  13 hobgoblins
  5 jackals
  6 quokkas
  12 bats
  3 frilled lizards
  15 kobolds
  6 rats
  2 butterflies (Lair:1)
726 creatures vanquished.

Vanquished Creatures (others)
  A shadow imp (D:6)
  19 fungi
  23 plants
  7 toadstools (Lair:2)
50 creatures vanquished.

Grand Total: 776 creatures vanquished

Notes
Turn   | Place    | Note
-------+----------+-------------------------------------------
     0 | D:1      | lessens the Merfolk Brigand began the quest for the Orb.
     0 | D:1      | Reached XP level 1. HP: 16/16 MP: 1/1
   226 | D:1      | Reached skill level 1 in Polearms
   299 | D:1      | Reached skill level 2 in Polearms
   299 | D:1      | Reached XP level 2. HP: 21/22 MP: 2/2
   653 | D:1      | Found a faded altar of an unknown god.
   775 | D:1      | Reached skill level 3 in Polearms
   982 | D:2      | Noticed a scorpion
   988 | D:1      | Killed a scorpion
   989 | D:1      | Reached skill level 5 in Polearms
   989 | D:1      | Reached XP level 3. HP: 27/27 MP: 3/3
   989 | D:1      | Reached XP level 4. HP: 33/33 MP: 4/4
  1103 | D:2      | Found Yfealero's Armour Shop.
  1639 | D:2      | Reached XP level 5. HP: 37/38 MP: 5/5
  1825 | D:3      | Reached skill level 6 in Polearms
  1853 | D:3      | Found a hazy altar of Hepliaklqana.
  1951 | D:3      | Found a stormy altar of Qazlal.
  2149 | D:3      | Noticed Grinder
  2173 | D:3      | Killed Grinder
  2174 | D:3      | Reached skill level 8 in Polearms
  2174 | D:3      | Reached XP level 6. HP: 16/44 MP: 6/6
  3097 | D:4      | Noticed Natasha
  3114 | D:4      | Killed Natasha
  3115 | D:4      | Reached skill level 9 in Polearms
  3300 | D:4      | Reached XP level 7. HP: 48/50 MP: 7/7
  3459 | D:4      | Noticed Natasha
  3478 | D:4      | Killed Natasha
  3749 | D:5      | Entered Level 5 of the Dungeon
  3774 | D:5      | Reached skill level 10 in Polearms
  3849 | D:5      | Found Cutaj's Fire Supplies.
  3855 | D:5      | Bought a +1 hat of fire resistance for 176 gold pieces
  4148 | D:5      | Reached XP level 8. HP: 56/56 MP: 8/8
  4153 | D:5      | Reached skill level 11 in Polearms
  4580 | D:4      | Noticed Natasha
  4586 | D:4      | Killed Natasha
  4924 | D:5      | Found a white marble altar of Elyvilon.
  5120 | D:6      | Reached skill level 12 in Polearms
  5120 | D:6      | Reached skill level 5 in Dodging
  5183 | D:6      | Found a staircase to the Ecumenical Temple.
  5188 | Temple   | Entered the Ecumenical Temple
  5199 | Temple   | Became a worshipper of Warmaster Okawaru
  5705 | D:6      | Reached XP level 9. HP: 56/61 MP: 9/9
  5727 | D:6      | Reached skill level 13 in Polearms
  6262 | D:6      | Reached * piety under Okawaru
  6634 | D:7      | Reached skill level 14 in Polearms
  6780 | D:7      | Reached skill level 1 in Invocations
  6932 | D:7      | Found a shimmering blue altar of Sif Muna.
  7196 | D:7      | Noticed Joseph
  7228 | D:7      | Killed Joseph
  7433 | D:7      | Noticed a two-headed ogre
  7433 | D:7      | Noticed a two-headed ogre
  7444 | D:7      | Killed a two-headed ogre
  7445 | D:7      | Reached skill level 15 in Polearms
  7445 | D:7      | Reached XP level 10. HP: 62/67 MP: 11/13
  7453 | D:7      | Killed a two-headed ogre
  7453 | D:7      | Reached ** piety under Okawaru
  7454 | D:7      | Reached skill level 16 in Polearms
  7462 | D:7      | Found the +12 pair of quick blades "Gyre" and "Gimble"
                  | {protect}
  7546 | D:7      | Reached skill level 5 in Invocations
  7744 | D:7      | Reached skill level 5 in Short Blades
  8022 | D:7      | Reached *** piety under Okawaru
  8156 | D:8      | Found Xuihudiw's Jewellery Boutique.
  8157 | D:8      | Found Ejiofem's Distillery.
  8164 | D:8      | Found Qeneafoe's Magic Scroll Shoppe.
  8168 | D:8      | Bought a potion of curing for 36 gold pieces
  8168 | D:8      | Bought 2 potions of lignification for 72 gold pieces
  8168 | D:8      | Bought a potion of attraction for 36 gold pieces
  8173 | D:8      | Bought a scroll of identify for 26 gold pieces
  8947 | D:9      | Noticed a two-headed ogre
  8951 | D:9      | Killed a two-headed ogre
  8956 | D:9      | Reached **** piety under Okawaru
  8957 | D:9      | Reached XP level 11. HP: 66/72 MP: 14/14
  9006 | D:9      | Found a transporter.
  9053 | D:9      | Found a staircase to the Lair.
  9387 | D:9      | Reached skill level 10 in Short Blades
  9798 | D:9      | Found a transporter.
 10167 | D:10     | Entered Level 10 of the Dungeon
 10205 | D:10     | Noticed a two-headed ogre
 10216 | D:10     | Killed a two-headed ogre
 10238 | D:10     | Reached ***** piety under Okawaru
 10238 | D:10     | Received a gift from Okawaru
 10801 | D:10     | Noticed a two-headed ogre
 10815 | D:10     | Killed a two-headed ogre
 10816 | D:10     | Reached skill level 17 in Polearms
 11344 | D:11     | Identified the +3 quarterstaff of Abuse {heavy, Fly}
                  | (Okawaru gifted it to you on level 11 of the Dungeon)
 11344 | D:11     | Received a gift from Okawaru
 11493 | D:11     | Found a frozen archway.
 11531 | IceCv    | Entered an ice cave
 11740 | IceCv    | Reached skill level 5 in Fighting
 12035 | IceCv    | Noticed a white draconian
 12285 | IceCv    | Killed a white draconian
 12286 | IceCv    | Reached XP level 12. HP: 30/89 MP: 15/17
 12308 | IceCv    | Identified the amulet "Ruttudwo" {Faith Rampage rF++
                  | Stlth+}
 12567 | D:11     | Noticed Harold
 12568 | D:11     | Found a staircase to the Orcish Mines.
 12577 | D:11     | Killed Harold
 12597 | D:11     | Identified the -2 pair of gloves "Hoaxius" {Int+9 Dex+5}
                  | (Okawaru gifted it to you on level 11 of the Dungeon)
 12597 | D:11     | Received a gift from Okawaru
 13176 | D:12     | Found a gate leading to a gauntlet.
 13189 | Gauntlet | Entered a Gauntlet
 13189 | Gauntlet | Found a transporter.
 13194 | Gauntlet | Found a transporter.
 13196 | Gauntlet | Found a transporter.
 13211 | Gauntlet | Found a transporter.
 13213 | Gauntlet | Found a transporter.
 13229 | Gauntlet | Found the ring of the Mage {Wiz Archmagi}
 13230 | Gauntlet | Found a transporter.
 13246 | Gauntlet | Found a transporter.
 13253 | Gauntlet | Noticed a quicksilver ooze
 13256 | Gauntlet | Found a transporter.
 13274 | Gauntlet | Found a transporter.
 13277 | Gauntlet | Found a transporter.
 13283 | Gauntlet | Found a transporter.
 13284 | Gauntlet | Found a transporter.
 13317 | Gauntlet | Found a transporter.
 13380 | Gauntlet | Found a transporter.
 13442 | Gauntlet | Identified the ring "Cutaich" {rPois Dex+4}
 13614 | Gauntlet | Reached skill level 18 in Polearms
 13655 | Gauntlet | Identified the +10 glaive of Wondrous Power {heavy, Dex+3}
 13719 | Gauntlet | Noticed a minotaur
 13735 | Gauntlet | Killed a minotaur
 14057 | D:12     | Reached skill level 19 in Polearms
 14132 | D:12     | Noticed a centaur warrior
 14139 | D:12     | Killed a centaur warrior
 14251 | D:12     | Noticed a two-headed ogre
 14259 | D:12     | Killed a two-headed ogre
 14267 | D:12     | Identified the +2 hat of Failure {rN+++ Will- Str-2 Dex+4}
                  | (Okawaru gifted it to you on level 12 of the Dungeon)
 14267 | D:12     | Received a gift from Okawaru
 14292 | D:12     | Noticed a boulder beetle
 14308 | D:12     | Killed a boulder beetle
 14309 | D:12     | Reached XP level 13. HP: 91/99 MP: 18/18
 14822 | Lair:1   | Entered Level 1 of the Lair of Beasts
 14871 | Lair:1   | Reached skill level 20 in Polearms
 15116 | Lair:1   | Reached skill level 1 in Armour
 15259 | Lair:1   | Reached skill level 10 in Dodging
 15270 | Lair:1   | Found the +8 whip "Snakebite" {venom, curare, rPois}
 16705 | Lair:2   | Noticed a dire elephant
 16734 | Lair:2   | Found a runed translucent door.
 16769 | Lair:2   | Received a gift from Okawaru
 17113 | Lair:2   | Killed a dire elephant
 17116 | Lair:2   | Identified the +2 long sword of Action {flame, Int+4}
 17276 | Lair:3   | Received a gift from Okawaru
 17291 | Lair:3   | Reached skill level 10 in Fighting
 17466 | Lair:3   | Found a hole to the Spider Nest.
 17602 | Lair:3   | Reached XP level 14. HP: 111/111 MP: 19/19
 17804 | Lair:3   | Identified the +1 pair of boots of Subjectivity {rF+ rC+
                  | MP-9 Int+4} (Okawaru gifted it to you on level 3 of the
                  | Lair of Beasts)
 17804 | Lair:3   | Received a gift from Okawaru
 18024 | Lair:3   | Found a staircase to the Shoals.
 18638 | Lair:4   | Reached ****** piety under Okawaru
 18649 | Lair:4   | Reached skill level 5 in Armour
 19644 | Lair:4   | Noticed Urug
 19650 | Lair:4   | Killed Urug
 19979 | Lair:5   | Entered Level 5 of the Lair of Beasts
 20489 | Lair:5   | Received a gift from Okawaru
 20766 | Lair:5   | Found a staircase to the Slime Pits.
 20770 | Lair:5   | Found a viscous altar of Jiyva.
 21780 | Lair:5   | Identified the ring of Vyebas {rN++ Will+ Slay+2 Stlth+}
 21787 | Lair:5   | Identified the +2 helmet of Forking Paths {Contam rC+
                  | Dex+3} (Okawaru gifted it to you on level 5 of the Lair of
                  | Beasts)
 21787 | Lair:5   | Received a gift from Okawaru
 21843 | Lair:5   | Reached XP level 15. HP: 114/122 MP: 11/20
 21948 | Lair:5   | Found a corrupted altar of Lugonu.
 21948 | Lair:5   | Found a one-way gate to the infinite horrors of the Abyss.
 21963 | Lair:5   | Identified the +4 scimitar of Trauma {spect, Contam rF+ rN+
                  | SInv}
 22235 | Orc:1    | Entered Level 1 of the Orcish Mines
 22303 | Orc:2    | Entered Level 2 of the Orcish Mines
 22310 | Orc:2    | Reached skill level 15 in Dodging
 22518 | Orc:2    | Found Cahal's Antique Armour Boutique.
 22731 | Orc:2    | Found Tanica's Jewellery Boutique.
 22820 | Orc:2    | Noticed Saint Roka
 22850 | Orc:2    | Killed Saint Roka
 23071 | Orc:2    | Found Ibomiuf's Antique Weapon Shop.
 23089 | Orc:2    | Found Axe Isol's General Store.
 23107 | Orc:2    | Received a gift from Okawaru
 23114 | Orc:2    | Noticed Josephine
 23119 | Orc:2    | Killed Josephine
 23445 | Orc:2    | Found a staircase to the Elven Halls.
 23491 | Orc:2    | Bought a pair of glowing gloves for 225 gold pieces
 24451 | D:13     | Reached skill level 21 in Polearms
 24728 | D:14     | Noticed Azrael
 24914 | D:14     | Received a gift from Okawaru
 24930 | D:14     | Killed Azrael
 25241 | D:14     | Reached skill level 22 in Polearms
 25241 | D:14     | Reached XP level 16. HP: 133/133 MP: 12/21
 25531 | D:14     | Found a gate to the Vaults.
 25539 | D:14     | Identified the amulet of Creativity {Reflect Fragile rF+
                  | SH+5 SInv}
 25908 | D:14     | Found a shimmering blue altar of Sif Muna.
 26039 | D:14     | Noticed Louise
 26053 | D:14     | Killed Louise
 26238 | D:15     | Entered Level 15 of the Dungeon
 26382 | D:15     | Found Unostok's Book Shop.
 26992 | D:15     | Identified the +1 plate armour "Daykit" {Rampage *Corrode
                  | Str+8} (Okawaru gifted it to you on level 15 of the
                  | Dungeon)
 26992 | D:15     | Received a gift from Okawaru
 27047 | D:15     | Reached skill level 23 in Polearms
 27337 | D:15     | Found a staircase to the Depths.
 27651 | Orc:2    | Bought the +5 scythe "Finisher" {speed, eviscerate} for
                  | 1056 gold pieces
 27651 | Orc:2    | Found the +5 scythe "Finisher" {speed, eviscerate}
 27861 | Shoals:1 | Entered Level 1 of the Shoals
 28920 | Shoals:1 | Reached skill level 24 in Polearms
 29172 | Shoals:1 | Noticed Nikola
 29582 | Shoals:2 | Found Jisoth's Self-Improvement Boutique.
 30022 | Shoals:2 | Reached skill level 25 in Polearms
 30025 | Shoals:2 | Mangled by a merfolk

Illustrated notes

Levels and vault maps discovered:
D:1:      co_arrival_square_in_a_square_in_a_square, layout_loops_corners,
          shapermc_ecumenical_altar_mp_vishouse
D:2:      minmay_wonky_spiral, layout_rooms, serial_shops,
          nicolae_lakefront_shop, minmay_tall_x
D:3:      minmay_general_purpose_star, layout_loops_ring,
          mainiacjoe_overflow_chevrons, overflow_temple_1_default, serial_glass,
          glass_columns_a, glass_columns_a, glass_columns_c, glass_columns_c,
          uniq_grinder
D:4:      layout_gridville, uniq_natasha
D:5:      layout_cave_pods, overflow_temple_1_default, nicolae_shop_fire_sale
          [nicolae_sub_dead_trees]
D:6:      layout_layer_cave, minmay_temple_entry_butterflies,
          hangedman_abyss_or_decor_lesser_grid
D:7:      layout_loops_corners, mainiacjoe_overflow_catwalk,
          hellmonk_guarded_unrand_gyre_and_gimble, uniq_joseph
D:8:      layout_rooms, roderic_lattice_a, nicolae_wooded_promenade
D:9:      layout_basic, erik_lair_island, grunt_decor_fettered,
          nicolae_diode_stairs
D:10:     layout_gridville
D:11:     layout_basic, david_orc_2, serial_corexii_hall,
          corexii_hall_statues_l, corexii_hall_statues_x,
          portal_ice_cave_entry_imps, uniq_harold
D:12:     layout_loops_ring, gauntlet_entry_generic
D:13:     layout_cross, minmay_fractal_squares_gapless_7
D:14:     layout_small_grid, david_vaults_4, led_sif_pool, kb_tengu_band,
          uniq_azrael, uniq_louise
D:15:     hangedman_depths_entry_try_elsewhere_first, layout_stronghold,
          serial_shops, nicolae_lakefront_shop
Temple:   nicolae_temple_bog_church
Lair:1:   minmay_guarded_unrand_snakebite, layout_regular_city,
          beast_lair_carwin_6, lemuel_fruit_fields, grunt_megastairs_4,
          infiniplex_staircase_pool_2
Lair:2:   gammafunk_lair_enchanted_lake, layout_regular_city,
          nicolae_quartered_pool_little
Lair:3:   layout_misc_corridors, elwin_shoals_entry_stream,
          spider_nest_entry_rubble, nicolae_volcano_entry_batcave,
          nzn_sisyphean_effort, grunt_megastairs_5
Lair:4:   layout_small_grid, beast_lair_carwin_7, serial_bayou_shore_a,
          infiniplex_staircase_pool, grunt_megastairs_1, uniq_urug
Lair:5:   hellmonk_lair_end_abyssal_woods, layout_layer_cave, slime_entry_1,
          serial_bayou_shore_b
Shoals:1: layout_shoals, uniq_nikola
Shoals:2: cheibrodos_shoals_roost, layout_shoals, nicolae_shop_self_help
Orc:1:    layout_diamond_mine, nicolae_orc_sculptors_studio
Orc:2:    grunt_orc_gardens, layout_caves, grunt_orc_garden, grunt_orc_garden,
          grunt_orc_garden, grunt_orc_garden, uniq_saint_roka, uniq_josephine

Skill      XL: |  1  2  3  4  5  6  7  8  9 10 11 12 13 14 15 16 |
---------------+-------------------------------------------------+-----
Polearms       | 2 5 8 9 10 12 15 16 17 19 20 22 25 | 25.0
Dodging        | 3 6 7 8 11 14 16 | 16.2
Invocations    | 4 5 7 |  7.7
Short Blades   | 8 10 | 10.2
Fighting       | 6 8 10 12 14 | 14.0
Armour         | 4 6 |  6.0
Throwing       | |  2.0
Stealth        | |  4.3

Action                     |  1- 3 |  4- 6 |  7- 9 | 10-12 | 13-15 | 16-18 || total
---------------------------+-------+-------+-------+-------+-------+-------++-------
  Melee: Dagger            |    23 |    33 |       |       |       |       ||    56
         Trident           |       |   104 |   425 |    21 |       |       ||   550
         Pair of quick bla |       |       |       |   578 |   265 |       ||   843
         Tailslap          |       |       |       |     6 |     7 |     8 ||    21
         Glaive            |       |       |       |       |   538 |   153 ||   691
         Scythe            |       |       |       |       |       |    98 ||    98
   Fire: Sling             |    45 |   141 |       |       |       |       ||   186
  Throw: Dart              |     1 |       |    26 |     8 |     6 |       ||    41
         Stone             |       |     1 |       |       |       |       ||     1
         Throwing net      |       |       |     1 |       |       |       ||     1
         Boomerang         |       |       |       |    11 |       |       ||    11
 Invoke: Heroism           |       |       |       |     3 |    12 |     3 ||    18
         Finesse           |       |       |       |       |     1 |       ||     1
  Evoke: Wand              |       |       |       |       |     1 |     1 ||     2
         Tin of tremorston |       |       |       |       |       |     2 ||     2
    Use: Scroll            |       |     4 |     1 |     6 |     9 |     5 ||    25
         Potion            |       |       |     1 |       |       |       ||     1
   Stab: Sleeping          |     1 |     6 |     6 |     8 |    28 |     9 ||    58
         Distracted        |       |       |       |       |     5 |     3 ||     8
 Armour: Robe              |    26 |    35 |       |       |       |       ||    61
         Ring mail         |       |    62 |    65 |       |       |       ||   127
         Steam dragon scal |       |       |    59 |   125 |   167 |    52 ||   403
  Dodge: Dodged            |    25 |    94 |   170 |   188 |   796 |   357 ||  1630
  Block: Buckler           |     9 |    49 |    72 |     1 |       |       ||   131

Table legend: (Time is in decaauts)
 A = Elapsed time spent in this place.
 B = Non-inter-level travel time spent in this place.
 C = Inter-level travel time spent in this place.
 D = Time resting spent in this place.
 E = Time spent auto-exploring this place.
 F = Levels seen in this place.
 G = Mean time per level.
                   A        B        C        D        E       F      G
               +--------+--------+--------+--------+--------+-----+--------+
         Total |  29219 |  27779 |   1440 |   2148 |  20668 |  27 | 1082.2 |
       Dungeon |  16981 |  16132 |    849 |    625 |  12752 |  15 | 1132.1 |
        Temple |    171 |    160 |     11 |    144 |      2 |   1 |  171.0 |
          Lair |   7404 |   7083 |    321 |    622 |   5441 |   5 | 1480.8 |
        Shoals |   1834 |   1798 |     36 |      0 |   1532 |   2 |  917.0 |
  Orcish Mines |   1410 |   1188 |    222 |    291 |    650 |   2 |  705.0 |
      Ice Cave |    902 |    902 |      0 |    369 |    252 |   1 |  902.0 |
      Gauntlet |    512 |    512 |      0 |     97 |     38 |   1 |  512.0 |
               +--------+--------+--------+--------+--------+-----+--------+

Top non-repeatable levels by time:
  Lair:4: 1938 daAuts
  Lair:5: 1618 daAuts
  Lair:3: 1552 daAuts
    D:14: 1415 daAuts
     D:7: 1373 daAuts
    D:12: 1359 daAuts
     D:6: 1344 daAuts
Shoals:1: 1322 daAuts
    D:15: 1277 daAuts
     D:9: 1250 daAuts
  Lair:2: 1209 daAuts
     D:5: 1192 daAuts
     D:4: 1090 daAuts
  Lair:1: 1085 daAuts
    D:11: 1073 daAuts
